 Dungeon Crawl Stone Soup version 0.19-a0-1731-g1e0734d (webtiles) character file.

14968 Naow the Severer (level 11, -6/91 (92) HPs)
             Began as a Minotaur Berserker on Sept 30, 2016.
             Was a High Priest of Trog.
             Mangled by a very large slime creature (37 damage)
             ... on level 12 of the Dungeon.
             The game lasted 00:34:04 (7914 turns).

Naow the Severer (Minotaur Berserker)               Turns: 7914, Time: 00:34:05

HP:   -6/91 (92)    AC: 24    Str: 24    XL:     11   Next: 95%
MP:   3/3           EV: 11    Int:  9    God:    Trog [*****.]
Gold: 650           SH:  2    Dex: 17    Spells: 0 memorised, 10 levels left

rFire  . . .     SeeInvis .     y - +7 executioner's axe "Qoycur" {antimagic, rPois}
rCold  . . .     Gourm    .     C - +10 scale mail of the Mutiny {Dex+2}
rNeg   + . .     Faith    .     (shield currently unavailable)
rPois  +         Spirit   .     (helmet restricted)
rElec  .         Dismiss  .     x - +0 cloak
rCorr  .         Reflect  +     t - +0 pair of gloves
MR     ++...     Harm     .     W - +1 pair of boots
Stlth  ..........               e - amulet "Enlyikk" {Reflect rN+ Str+3 Int+2 SH+2}
                                h - ring of poison resistance
                                d - +4 ring of dexterity

@: regenerating
A: retaliatory headbutt, horns 2
a: Berserk, Trog's Hand, Brothers in Arms, Burn Spellbooks, Renounce Religion


You were on level 12 of the Dungeon.
You worshipped Trog.
Trog was extremely pleased with you.
You were not hungry.

You visited 1 branch of the dungeon, and saw 12 of its levels.

You collected 847 gold pieces.
You spent 197 gold pieces at shops.

Inventory:

Hand Weapons
 y - the +7 executioner's axe "Qoycur" (weapon) {antimagic, rPois}
   (Trog gifted it to you on level 11 of the Dungeon)

   It reduces the magical energy of the wielder, and disrupts the spells and
   magical abilities of those hit.
   Natural abilities and divine invocations are not affected.
   It protects you from poison.
 J - a +4 hand axe of flaming
Missiles
 K - 3 tomahawks (quivered)
Armour
 t - a +0 pair of gloves (worn)
 x - a +0 cloak (worn)
 C - the +10 scale mail of the Mutiny (worn) {Dex+2}
   (You found it on level 4 of the Dungeon)

   It affects your dexterity (+2).
 W - a +1 pair of boots (worn)
Jewellery
 d - a +4 ring of dexterity (left hand)
 e - the amulet "Enlyikk" (around neck) {Reflect rN+ Str+3 Int+2 SH+2}
   (You bought it in a shop on level 11 of the Dungeon)

   [amulet of reflection]

   It shields you and reflects attacks.
   It affects your strength (+3).
   It affects your intelligence (+2).
   It protects you from negative energy.
   It affects your SH (+2).
 f - an uncursed amulet of guardian spirit
 g - an uncursed ring of stealth {unknown}
 h - a ring of poison resistance (right hand)
 r - an uncursed ring of flight
 A - an uncursed ring of positive energy
 F - an uncursed amulet of the gourmand {unknown}
 L - an uncursed ring of protection from magic {unknown}
Wands
 o - a wand of paralysis (9/24)
 v - a wand of paralysis (18/24)
 D - a wand of confusion (25/48)
 G - a wand of polymorph (11/24)
 I - a wand of digging (22/24)
 M - a wand of flame (31/48)
 N - a wand of paralysis (6/24)
 Q - a wand of confusion (24/48)
 R - a wand of polymorph (8/24)
 S - a wand of enslavement (10/24)
 X - a wand of lightning (4/15)
 Y - a wand of acid (6/15)
Scrolls
 i - a scroll of identify
 l - 3 scrolls of blinking
 q - 10 scrolls of remove curse
 s - a scroll of teleportation
 w - 4 scrolls of recharging
 Z - a scroll of magic mapping
Potions
 a - 2 potions of cancellation
 j - 4 potions of resistance
 k - 3 potions of might {unknown}
 m - 4 potions of flight
 n - 5 potions of curing
 p - 3 potions of cure mutation
 z - 2 potions of haste
 O - 2 potions of brilliance
 T - 3 potions of heal wounds
Comestibles
 b - 6 meat rations
 c - 9 bread rations
 u - 3 fruits
 B - 2 beef jerkies
 E - 10 chunks of flesh
 H - 10 slices of pizza


   Skills:
 + Level 7.4 Fighting
 + Level 18.1 Axes
 - Level 11.3 Armour
 - Level 2.2 Dodging


You had 10 spell levels left.
You didn't know any spells.

Dungeon Overview and Level Annotations

Branches:
Dungeon (12/15)            Temple (0/1) D:6            Lair (0/6) D:9
    Orc (0/2) D:9

Altars:
Kikubaaqudgha

Shops:
D:6 *   D:10 *   D:11 *

Annotations:
D:10 1 runed door


Innate Abilities, Weirdness & Mutations

You reflexively headbutt those who attack you in melee.
You have a pair of horns on your head.


Message History

The large slime creature is heavily wounded.
The large slime creature hits you.
Two slime creatures merge to form a very large slime creature.
You slice the very large slime creature!!
You headbutt the very large slime creature.
The very large slime creature is heavily wounded.
The very large slime creature misses you.
You barely miss the very large slime creature.
The very large slime creature is heavily wounded.
The very large slime creature hits you!!
You hit the very large slime creature.
The very large slime creature is heavily wounded.
The very large slime creature closely misses you.
You furiously retaliate!
You headbutt the very large slime creature!
Your skin crawls.
You feel resistant to hostile enchantments.
You feel somewhat more hungry.
The very large slime creature hits you!!!
You die... #..# #... #.# #..# #..# .. #†.# #..# ##.## ##).###..# #.... .........# #... ##)####.## ##..# #.# #.# .CY

#.####.# #J# #.##...#
#@# #....### #.#
###..# #.# #..#
#####.###... ####..###
#...>.....#
#.......####.###.....#
#.##..#......# #####.#
# #..######## .> #..#
.#


You could see a very large slime creature, a hill giant and a sky beast.

Vanquished Creatures
  Nessos (D:12)
  Josephine (D:11)
  3 hydras
  Erica (D:11)
  A hill giant (D:12)
  Pikel (D:4)
  The ghost of Naow the Cleaver, a novice MiBe of Trog (D:6)
  A cyclops (D:11)
  An elephant (D:9)
  2 trolls (D:10)
  Grinder (D:6)
  2 hippogriffs
  A shadow (D:11)
  3 wraiths (D:11)
  10 yaks
  A wyvern (D:8)
  3 sky beasts
  An ice beast (D:9)
  6 orc warriors
  5 ogres
  2 necrophages
  3 phantoms
  2 crocodiles
  2 centaurs
  10 bullfrogs
  2 scorpions
  3 howler monkeys
  10 wights
  4 crimson imps
  A quasit (D:11)
  A centaur zombie (D:12)
  13 orc priests
  A centaur skeleton (D:5)
  5 hounds
  A jelly (D:10)
  13 orc wizards
  2 bullfrog skeletons (D:12)
  8 worker ants
  Terence (D:2)
  4 iguanas
  2 killer bee zombies
  2 hound skeletons
  A worker ant zombie (D:9)
  6 gnolls
  A river rat (D:3)
  9 adders
  5 shadow imps
  2 oozes
  An adder skeleton (D:5)
  An adder zombie (D:8)
  3 worms
  A dart slug (D:2)
  8 leopard geckos
  52 orcs
  7 bats
  2 giant cockroaches
  6 goblins (D:3)
  9 hobgoblins
  6 jackals
  9 kobolds
  3 quokkas
  2 ball pythons (D:3)
  2 frilled lizards
  2 jackal skeletons
  A leopard gecko skeleton (D:5)
  A quokka zombie (D:9)
  4 rats
282 creatures vanquished.

Vanquished Creatures (others)
  A slave (D:4)
  An orc priest (D:4)
  An orc wizard (D:4)
  A worker ant (D:4)
  A dart slug (D:4)
5 creatures vanquished.

Grand Total: 287 creatures vanquished

Notes
Turn   | Place    | Note
-------+----------+-------------------------------------------
     0 | D:1      | Naow the Minotaur Berserker began the quest for the Orb.
     0 | D:1      | Reached XP level 1. HP: 19/19 MP: 0/0
   145 | D:1      | Reached XP level 2. HP: 24/27 MP: 1/1
   249 | D:1      | Reached skill level 4 in Axes
   546 | D:2      | Reached XP level 3. HP: 25/33 MP: 2/2
   775 | D:2      | Noticed Terence
   787 | D:2      | Killed Terence
   787 | D:2      | Reached skill level 5 in Axes
  1118 | D:2      | Reached XP level 4. HP: 37/40 MP: 3/3
  1219 | D:3      | Reached skill level 6 in Axes
  1224 | D:3      | Reached ** piety under Trog
  1308 | D:3      | Found a glowing drain.
  1672 | D:3      | Reached XP level 5. HP: 36/46 MP: 4/4
  1893 | D:3      | You fall through a shaft!
  1955 | D:4      | Noticed a slave
  1956 | D:4      | Noticed Pikel
  1956 | D:4      | Noticed a slave
  1957 | D:4      | Noticed a slave
  1957 | D:4      | Noticed a slave
  1965 | D:4      | Killed Pikel
  1965 | D:4      | Reached skill level 9 in Axes
  1965 | D:4      | Reached XP level 6. HP: 52/52 MP: 5/5
  1965 | D:4      | Reached XP level 7. HP: 58/58 MP: 6/6
  2078 | D:4      | Reached skill level 10 in Axes
  2218 | D:4      | Got a warped scale mail
  2267 | D:4      | Identified the +10 scale mail of the Mutiny {Dex+2} (You found it on level 4 of the Dungeon)
  2544 | D:4      | Reached skill level 11 in Axes
  2760 | D:5      | Entered Level 5 of the Dungeon
  2841 | D:5      | Reached XP level 8. HP: 66/66 MP: 7/7
  2935 | D:5      | Reached *** piety under Trog
  3039 | D:5      | Reached skill level 12 in Axes
  3263 | D:6      | Noticed Naow's ghost (novice MiBe)
  3266 | D:6      | Found Qaghumni's Assorted Antiques.
  3288 | D:6      | Killed Naow's ghost
  3288 | D:6      | Reached skill level 13 in Axes
  3324 | D:6      | Reached XP level 9. HP: 64/71 MP: 6/8
  3357 | D:6      | Reached skill level 14 in Axes
  3554 | D:6      | Found a staircase to the Ecumenical Temple.
  3643 | D:6      | Noticed Grinder
  3649 | D:6      | Paralysed by Grinder for 6 turns
  3661 | D:6      | Killed Grinder
  3991 | D:7      | Reached skill level 15 in Axes
  4660 | D:8      | Reached **** piety under Trog
  4799 | D:8      | Reached skill level 16 in Axes
  5042 | D:9      | Noticed an elephant
  5044 | D:9      | Found a staircase to the Lair.
  5060 | D:9      | Killed an elephant
  5060 | D:9      | Reached skill level 5 in Armour
  5060 | D:9      | Reached XP level 10. HP: 57/77 MP: 6/9
  5279 | D:9      | Found a staircase to the Orcish Mines.
  5504 | D:9      | You fall through a shaft!
  5504 | D:10     | Entered Level 10 of the Dungeon
  5751 | D:10     | Reached ***** piety under Trog
  5905 | D:10     | Found Wetet's Changing Room.
  5912 | D:10     | Bought a potion of lignification for 39 gold pieces
  5983 | D:10     | Reached skill level 10 in Armour
  6201 | D:10     | Found a runed door.
  6201 | D:10     | Noticed an ettin
  6201 | D:10     | Noticed a yaktaur captain
  6201 | D:10     | Noticed a flayed ghost
  6210 | D:10     | Noticed a stone giant
  6213 | D:10     | Noticed a mana viper
  6213 | D:10     | Noticed a deep elf mage
  6213 | D:10     | Noticed a deep elf archer
  6213 | D:10     | Noticed a wolf spider
  6227 | D:10     | Noticed a ghost crab
  6227 | D:10     | Noticed a death drake
  6227 | D:10     | a ghost crab changed into a death drake
  6464 | D:11     | Found Lacuocol's Assorted Antiques.
  6489 | D:11     | Bought an ancient jade amulet for 90 gold pieces
  6489 | D:11     | Bought an amethyst potion for 16 gold pieces
  6489 | D:11     | Bought a scroll labeled PAMEOCEERR for 18 gold pieces
  6489 | D:11     | Bought a red potion for 16 gold pieces
  6489 | D:11     | Bought a scroll labeled HONGAE VAF QAI for 18 gold pieces
  6490 | D:11     | Identified the amulet "Enlyikk" {Reflect rN+ Str+3 Int+2 SH+2} (You bought it in a shop on level 11 of the Dungeon)
  6618 | D:11     | Received a gift from Trog
  6621 | D:11     | Got a crystal executioner's axe {god gift}
  6622 | D:11     | Identified the +7 executioner's axe "Qoycur" {antimagic, rPois} (Trog gifted it to you on level 11 of the Dungeon)
  6648 | D:11     | Noticed Erica
  6651 | D:11     | Killed Erica
  6651 | D:11     | Reached XP level 11. HP: 84/84 MP: 3/10
  6679 | D:11     | Reached skill level 5 in Fighting
  7162 | D:11     | Noticed Josephine
  7174 | D:11     | Killed Josephine
  7284 | D:11     | Noticed a four-headed hydra
  7291 | D:11     | Killed a one-headed hydra
  7291 | D:11     | Reached skill level 17 in Axes
  7729 | D:12     | Noticed Nessos
  7735 | D:12     | Killed Nessos
  7746 | D:12     | Found an ancient bone altar of Kikubaaqudgha.
  7831 | D:12     | Noticed a seven-headed hydra
  7842 | D:12     | Killed a two-headed hydra
  7855 | D:12     | Noticed a hill giant
  7864 | D:12     | Killed a hill giant
  7864 | D:12     | Reached skill level 18 in Axes
  7865 | D:12     | Noticed an eight-headed hydra
  7872 | D:12     | Killed a four-headed hydra
  7904 | D:12     | Noticed a hill giant
  7914 | D:12     | Mangled by a very large slime creature

Vault maps used:
D:1:      lightli_arrival_statue_moat
D:2:      grunt_ministairs_2, kennysheep_decorative_pillar, dk_noncrumbling_4,
          minivault_11, uniq_terence
D:3:      portal_sewer_entry_a, minmay_goblin_outpost
D:4:      wad_river_or_something, first_bread, uniq_pikel
D:6:      serial_shops, shop_statue, hangedman_decor_lopped, uniq_grinder
D:9:      david_lair_generic, hiddenorc2_lemuel, grunt_pizzeria,
          serial_park_tiny_1
D:10:     minmay_gate_of_8, nicolae_transmutations_shop
D:11:     serial_shops, shop, uniq_erica, uniq_josephine
D:12:     basic_altar, uniq_maurice, uniq_nessos

Skill      XL: |  1  2  3  4  5  6  7  8  9 10 11 |
---------------+----------------------------------+-----
Axes           | 4 5 6 9 11 13 16 18 | 18.1
Armour         | 5 11 | 11.3
Fighting       | 4 7 |  7.4
Dodging        | |  2.2

Action                   |  1- 3 |  4- 6 |  7- 9 | 10-12 || total
-------------------------+-------+-------+-------+-------++-------
Melee: Hand axe          |    44 |    92 |   231 |   233 ||   600
       Headbutt          |     9 |    14 |    98 |    88 ||   209
       Battleaxe         |       |       |    73 |       ||    73
       Executioner's axe |       |       |       |   114 ||   114
Invok: Berserk           |       |     1 |       |     1 ||     2
       Trog's Hand       |       |       |     4 |     5 ||     9
       Burn Spellbooks   |       |       |     1 |       ||     1
  Use: Scroll            |       |       |       |    22 ||    22
  Eat: Chunk             |       |     3 |    13 |    12 ||    28
Armor: Animal skin       |     1 |       |       |       ||     1
       Ring mail         |    11 |       |       |       ||    11
       Chain mail        |     4 |    90 |     8 |       ||   102
       Scale mail        |       |       |   114 |   151 ||   265
Dodge: Dodged            |    22 |    52 |   135 |   165 ||   374
Block: Other             |       |       |       |    12 ||    12
